 Dungeon Crawl Stone Soup version 0.21.0-24-g2553a33 (webtiles) character file.

373 tidbits the Covered (level 6, -3/44 HPs)
             Began as a Gnoll Wanderer on Jan 19, 2018.
             Was an Initiate of Cheibriados.
             Slain by Prince Ribbit (15 damage)
             ... on level 5 of the Dungeon.
             The game lasted 00:07:55 (791 turns).

tidbits the Covered (Gnoll Wanderer)                 Turns: 791, Time: 00:07:56

Health: -3/44      AC: 13    Str: 17    XL:     6   Next: 71%
Magic:  9/9        EV: 17    Int: 17    God:    Cheibriados [......]
Gold:   108        SH:  0    Dex: 19    Spells: 9/9 levels left

rFire    + . .     SeeInvis .   s - +0 rapier
rCold    + . .     Gourm    .   (no shield)
rNeg     . . .     Faith    .   B - +2 scale mail
rPois    +         Spirit   .   E - +0 helmet
rElec    +         Reflect  .   C - +1 cloak
rCorr    +         Harm     .   (no gloves)
MR       .....                  (no boots)
Stlth    ++........             (no amulet)
HPRegen  0.14/turn              (no ring)
MPRegen  0.11/turn              (no ring)

@: agile, resistant, very slightly contaminated, drained, invisible, very slow
A: distributed training, fangs 1, strong nose
a: Bend Time, Renounce Religion


You were on level 5 of the Dungeon.
You worshipped Cheibriados.
Cheibriados was noncommittal.
You were very full.

You visited 1 branch of the dungeon, and saw 6 of its levels.

You collected 108 gold pieces.

Inventory:

Hand Weapons
 a - a +1 short sword
 b - a +0 blowgun
 o - a +0 dagger
 q - a +0 hand axe of chopping
   (You took it off an orc on level 4 of the Dungeon)
 s - a +0 rapier (weapon)
Missiles
 e - 54 arrows
 f - 11 poisoned needles
 g - 14 sling bullets
 t - 3 tomahawks (quivered)
Armour
 B - a +2 scale mail (worn)
 C - a +1 cloak (worn)
 E - a +0 helmet (worn)
Scrolls
 d - 2 scrolls of enchant weapon
 j - a scroll of teleportation {unknown}
 l - a scroll of immolation
 p - a scroll of identify {unknown}
 r - a scroll of magic mapping {unknown}
Potions
 h - a potion of haste
 v - a potion of curing {unknown}
Comestibles
 c - 4 rations


   Skills:
 + Level 2.0(1.4) Fighting
 + Level 5.0(4.3) Short Blades
 + Level 2.0(1.4) Long Blades
 + Level 2.0(1.4) Axes
 + Level 2.0(1.4) Maces & Flails
 + Level 2.0(1.4) Polearms
 + Level 2.0(1.4) Staves
 + Level 2.0(1.4) Slings
 + Level 2.0(1.4) Bows
 + Level 2.0(1.4) Crossbows
 + Level 3.3(2.6) Throwing
 + Level 6.8(6.1) Armour
 + Level 5.0(4.3) Dodging
 + Level 3.1(2.5) Stealth
 + Level 2.0(1.4) Shields
 + Level 2.0(1.4) Unarmed Combat
 + Level 2.0(1.4) Spellcasting
 + Level 1.6(1.0) Conjurations
 + Level 1.6(1.0) Hexes
 + Level 1.6(1.0) Charms
 + Level 1.6(1.0) Summonings
 + Level 1.6(1.0) Necromancy
 + Level 1.6(1.0) Translocations
 + Level 1.6(1.0) Transmutations
 + Level 1.6(1.0) Fire Magic
 + Level 1.6(1.0) Ice Magic
 + Level 1.6(1.0) Air Magic
 + Level 1.6(1.0) Earth Magic
 + Level 1.6(1.0) Poison Magic
 + Level 2.2(1.6) Invocations
 + Level 3.3(2.6) Evocations


You had 9 spell levels left.
You didn't know any spells.

Dungeon Overview and Level Annotations

Branches:
Dungeon (6/15)
 Temple: D:4-7

Altars:
Cheibriados

Shops:
D:5 (

Annotations:
D:5 Prince Ribbit


Innate Abilities, Weirdness & Mutations

Your experience applies equally to all skills.
You have very sharp teeth.
Your uncanny sense of smell can sniff out nearby items.


Message History

The jelly quivers.
The orc misses you.
There is a stone staircase leading up here.
Unknown command.
You closely miss the orc. Your bite misses the orc. The orc barely misses you.
The orc hits you but does no damage.
You climb upwards.
There is a stone staircase leading down, spattered with blood here.
You see here an orc skeleton.
Unknown command.
You closely miss the orc. The orc closely misses you.
You closely miss the orc. The orc barely misses you.
You puncture the orc!
You kill the orc!
Cheibriados appreciates the change of pace.
Things that are here:
a dagger; a club
There is a stone staircase leading up here.
Found a scroll labeled ECOYCZI GILLI.
You see here a scroll labeled ECOYCZI GILLI.
As you read the scroll labeled ECOYCZI GILLI, it crumbles to dust.
It is a scroll of enchant armour.
Your +0 cloak glows green for a moment.
Found 7 gold pieces.
You found a teleport trap!
Really walk into that teleport trap?
You enter a teleport trap!
The teleport trap disappears.
Your surroundings suddenly seem different. 2 orcs, 2 orc wizards and Prince Ribbit come into view.
An orc wizard is wielding a dagger of draining.
Prince Ribbit croaks.
The orc shouts!
The orc wizard shouts! x2
The orc shouts!
The orc closely misses you. The orc hits you but does no damage.
Found 21 bolts.
You hit the orc but do no damage. The orc barely misses you.
The orc wizard hits you but does no damage.
You feel drained. The orc hits you but does no damage.
You fade into invisibility!
The orc misses you.
The orc wizard hits you but does no damage.
You feel drained. The orc closely misses you.
You are very lightly contaminated with residual magic.
Unknown command.
Press: ? - help, v - describe, . - travel
Here: an orc wizard, wielding a dagger of draining and wearing a robe The floor.
You hit the orc wizard.
The orc wizard is lightly wounded.
The orc wizard casts a spell at the orc wizard.
The puff of flame hits the orc wizard.
The orc hits you but does no damage.
The orc wizard hits you with a dagger of draining.
You feel drained. The orc barely misses you.
You closely miss the orc wizard.
The orc wizard is severely wounded.
The orc wizard closely misses you. The orc hits you but does no damage.
You puncture the orc wizard!
You kill the orc wizard!
Cheibriados appreciates the change of pace.
Prince Ribbit barely misses you. Prince Ribbit hits you.
You closely miss Prince Ribbit. Prince Ribbit misses you.
The orc closely misses you.
You hit Prince Ribbit.
Prince Ribbit is lightly wounded.
Prince Ribbit hits you!
* * * LOW HITPOINT WARNING * * *
The orc hits you but does no damage. x2
It was a potion of resistance.
You feel protected. Prince Ribbit barely misses you.
The orc closely misses you. Prince Ribbit barely misses you.
The orc hits you but does no damage.
It was a potion of agility.
You feel agile all of a sudden. Prince Ribbit closely misses you.
The orc closely misses you. The orc misses you. The orc wizard misses you.
You catch the helpless Prince Ribbit completely off-guard!
You puncture Prince Ribbit! Your bite misses Prince Ribbit.
Prince Ribbit is heavily wounded.
Prince Ribbit barely misses you. The orc hits you but does no damage.
Prince Ribbit closely misses you.
You barely miss Prince Ribbit.
Prince Ribbit is heavily wounded.
The orc closely misses you.
Prince Ribbit hops awkwardly around.
You strike the helpless orc from behind!
You puncture the orc!
You kill the orc!
Cheibriados appreciates the change of pace.
The orc closely misses you.
You strike the helpless orc wizard from behind!
You puncture the orc wizard! Your bite misses the orc wizard.
The orc wizard is almost dead.
The orc misses you. The orc wizard closely misses you.
You catch the helpless Prince Ribbit completely off-guard!
You puncture Prince Ribbit!
Prince Ribbit is severely wounded.
The orc hits you with a dagger.
* * * LOW HITPOINT WARNING * * *
The orc wizard points at you and mumbles some strange words.
The magic dart hits you! Prince Ribbit hits you!
You die...

#####+###
#.o......
#@o......
#.F......
#.....(..
#####+###
### ...


You could see Prince Ribbit, an orc wizard and an orc.

Vanquished Creatures
  Menkaure (D:5)
  An ogre (D:4)
  A bullfrog zombie (D:5)
  An orc wizard (D:5)
  A centaur skeleton (D:5)
  Terence (D:2)
  3 adders
  3 worms
  2 leopard geckos
  8 orcs
  A giant cockroach (D:1)
  2 goblins
  2 hobgoblins (D:3)
  2 kobolds
  2 bats
  2 frilled lizards
  3 rats
36 creatures vanquished.

Notes
Turn   | Place    | Note
-------+----------+-------------------------------------------
     0 | D:1      | tidbits the Gnoll Wanderer began the quest for the Orb.
     0 | D:1      | tidbits set off with: a +2 scale mail, a +0 short sword, 14 poisoned needles, a +0 blowgun, a ration
     0 | D:1      | Reached XP level 1. HP: 13/13 MP: 2/2
   113 | D:2      | Noticed Terence
   120 | D:2      | Killed Terence
   120 | D:2      | Reached XP level 2. HP: 20/20 MP: 3/3
   120 | D:2      | Reached XP level 3. HP: 25/25 MP: 4/4
   192 | D:2      | Reached skill level 1 in Invocations
   318 | D:3      | Reached skill level 1 in Fighting
   318 | D:3      | Reached skill level 1 in Long Blades
   318 | D:3      | Reached skill level 1 in Axes
   318 | D:3      | Reached skill level 1 in Maces & Flails
   318 | D:3      | Reached skill level 1 in Polearms
   318 | D:3      | Reached skill level 1 in Staves
   318 | D:3      | Reached skill level 1 in Slings
   318 | D:3      | Reached skill level 1 in Bows
   318 | D:3      | Reached skill level 1 in Crossbows
   318 | D:3      | Reached skill level 1 in Shields
   318 | D:3      | Reached skill level 1 in Unarmed Combat
   318 | D:3      | Reached skill level 1 in Spellcasting
   327 | D:3      | Reached XP level 4. HP: 23/32 MP: 4/6
   353 | D:4      | Found a snail-covered altar of Cheibriados.
   402 | D:4      | Noticed an ogre
   419 | D:4      | Killed an ogre
   419 | D:4      | Reached skill level 1 in Conjurations
   419 | D:4      | Reached skill level 1 in Hexes
   419 | D:4      | Reached skill level 1 in Charms
   419 | D:4      | Reached skill level 1 in Summonings
   419 | D:4      | Reached skill level 1 in Necromancy
   419 | D:4      | Reached skill level 1 in Translocations
   419 | D:4      | Reached skill level 1 in Transmutations
   419 | D:4      | Reached skill level 1 in Fire Magic
   419 | D:4      | Reached skill level 1 in Ice Magic
   419 | D:4      | Reached skill level 1 in Air Magic
   419 | D:4      | Reached skill level 1 in Earth Magic
   419 | D:4      | Reached skill level 1 in Poison Magic
   419 | D:4      | Reached XP level 5. HP: 20/37 MP: 7/7
   423 | D:4      | Became a worshipper of Cheibriados the Contemplative
   427 | D:4      | Reached skill level 3 in Throwing
   427 | D:4      | Reached skill level 3 in Evocations
   462 | D:5      | Entered Level 5 of the Dungeon
   511 | D:5      | Found Kipidoeck's Antique Weapon Shoppe.
   596 | D:5      | Noticed Menkaure
   608 | D:5      | Killed Menkaure
   608 | D:5      | Reached skill level 5 in Short Blades
   608 | D:5      | Reached skill level 5 in Dodging
   608 | D:5      | Reached skill level 3 in Stealth
   608 | D:5      | Reached skill level 2 in Invocations
   608 | D:5      | Reached XP level 6. HP: 8/44 MP: 8/8
   673 | D:5      | Reached skill level 2 in Fighting
   673 | D:5      | Reached skill level 2 in Long Blades
   673 | D:5      | Reached skill level 2 in Axes
   673 | D:5      | Reached skill level 2 in Maces & Flails
   673 | D:5      | Reached skill level 2 in Polearms
   673 | D:5      | Reached skill level 2 in Staves
   673 | D:5      | Reached skill level 2 in Slings
   673 | D:5      | Reached skill level 2 in Bows
   673 | D:5      | Reached skill level 2 in Crossbows
   673 | D:5      | Reached skill level 2 in Shields
   673 | D:5      | Reached skill level 2 in Unarmed Combat
   673 | D:5      | Reached skill level 2 in Spellcasting
   777 | D:5      | Noticed Prince Ribbit
   791 | D:5      | Slain by Prince Ribbit

Skill      XL: |  1  2  3  4  5  6 |
---------------+-------------------+-----
Invocations    | 1 2 |  2.2
Fighting       | 1 2 |  2.0
Long Blades    | 1 2 |  2.0
Axes           | 1 2 |  2.0
Maces & Flails | 1 2 |  2.0
Polearms       | 1 2 |  2.0
Staves         | 1 2 |  2.0
Slings         | 1 2 |  2.0
Bows           | 1 2 |  2.0
Crossbows      | 1 2 |  2.0
Shields        | 1 2 |  2.0
Unarmed Combat | 1 2 |  2.0
Spellcasting   | 1 2 |  2.0
Conjurations   | 1 |  1.6
Hexes          | 1 |  1.6
Charms         | 1 |  1.6
Summonings     | 1 |  1.6
Necromancy     | 1 |  1.6
Translocations | 1 |  1.6
Transmutations | 1 |  1.6
Fire Magic     | 1 |  1.6
Ice Magic      | 1 |  1.6
Air Magic      | 1 |  1.6
Earth Magic    | 1 |  1.6
Poison Magic   | 1 |  1.6
Throwing       | 3 |  3.3
Evocations     | 3 |  3.3
Short Blades   | 5 |  5.0
Dodging        | 5 |  5.0
Stealth        | 3 |  3.1
Armour         | |  6.8

Action                   |  1- 3 |  4- 6 || total
-------------------------+-------+-------++-------
Melee: Short sword       |    70 |    51 ||   121
       Bite              |     7 |     7 ||    14
       Rapier            |       |    51 ||    51
 Fire: Blowgun           |       |     3 ||     3
Evoke: Wand              |     2 |     2 ||     4
  Use: Potion            |     1 |     5 ||     6
       Scroll            |     1 |     2 ||     3
 Stab: Invisible         |       |     7 ||     7
  Eat: Ration            |     2 |       ||     2
Armor: Scale mail        |    36 |    30 ||    66
Dodge: Dodged            |    34 |    93 ||   127

Table legend:
 A = Turns spent in this place as a percentage of turns spent in the entire game.
 B = Non-inter-level travel turns spent in this place as a percentage of non-inter-level travel turns spent in the entire game.
 C = Inter-level travel turns spent in this place as a percentage of turns spent in this place.
 D = Turns resting spent in this place as a percentage of non-inter-level travel turns spent in this place.
 E = Turns spent auto-exploring this place as a percentage of non-inter-level travel turns spent in this place.
 F = Non-inter-level travel turns spent in this place divided by the number of levels of this place that you've seen.
                   A       B       C       D       E      F
               +-------+-------+-------+-------+-------+----------------------
         Total | 100.0 | 100.0 |   0.0 |   0.0 |   0.0 | 131.8
       Dungeon | 100.0 | 100.0 |   0.0 |   0.0 |   0.0 | 131.8
               +-------+-------+-------+-------+-------+----------------------

Table legend:
 A = Kills in this place as a percentage of kills in entire the game.
 B = Kills by you in this place as a percentage of kills by you in the entire game.
 C = Kills by friends in this place as a percentage of kills by friends in the entire game.
 D = Other kills in this place as a percentage of other kills in the entire game.
 E = Experience gained in this place as a percentage of experience gained in the entire game.
 F = Experience gained in this place divided by the number of levels of this place that you have seen.
                   A       B       C       D       E      F
               +-------+-------+-------+-------+-------+----------------------
         Total | 100.0 | 100.0 |   N/A |   N/A | 100.0 |  88.8
       Dungeon | 100.0 | 100.0 |   N/A |   N/A | 100.0 |  88.8
               +-------+-------+-------+-------+-------+----------------------

Vault maps used:
D:1:      lemuel_arrival_funnel, serial_bayou_pond_b
D:2:      gammafunk_temple_overflow_claw, first_ration, minmay_misc_feat_tiny,
          uniq_natasha, uniq_terence
D:3:      nicolae_overflow_hidden_temple, minmay_fountain_box,
          hangedman_feature_mirror, nicolae_tso_swordbearing_angel, uniq_grinder
D:4:      overflow_temple_1_default, temple_hall, fedhas_bush_and_centaur_altar
D:5:      serial_shops, nicolae_shop_trees, uniq_ijyb, uniq_menkaure,
          uniq_eustachio, uniq_prince_ribbit1
D:6:      nicolae_benzene_ring
